 Dungeon Crawl Stone Soup version 0.24-a0-479-g9a978d2894 (webtiles) character file.

Game seed: 7584462798445689746

3364 forest the Covert (level 9, -6/46 HPs)
             Began as a Spriggan Assassin on July 8, 2019.
             Was a Follower of Dithmenos.
             Mangled by a polar bear (25 damage)
             ... on level 8 of the Dungeon.
             The game lasted 00:31:37 (12338 turns).

forest the Covert (Spriggan Assassin)              Turns: 12338, Time: 00:31:38

Health: -6/46      AC: 10    Str:  8    XL:     9   Next: 73%
Magic:  10/10      EV: 17    Int: 14    God:    Dithmenos [*.....]
Gold:   490        SH: 10    Dex: 18    Spells: 6/8 levels left

rFire    + . .     SeeInvis +   b - +1 dagger (venom)
rCold    . . .     Gourm    .   a - +0 buckler
rNeg     . . .     Faith    .   n - +1 swamp dragon scales
rPois    +         Spirit   .   (helmet restricted)
rElec    .         Reflect  +   c - +0 cloak
rCorr    .         Harm     .   (gloves unavailable)
MR       ++...                  (boots unavailable)
Stlth    +++++.....             C - +4 amulet of reflection
HPRegen  0.15/turn              i - ring of protection from fire
MPRegen  0.12/turn              r - ring of protection from magic

@: wreathed by umbra, very quick
A: very small, unfitting armour, see invisible, herbivore, speed 3, slow
metabolism 2
a: Renounce Religion


You were on level 8 of the Dungeon.
You worshipped Dithmenos.
Dithmenos was aware of your devotion.
You were not hungry.

You visited 2 branches of the dungeon, and saw 9 of its levels.

You collected 490 gold pieces.

Inventory:

Hand Weapons
 b - a +1 dagger of venom (weapon)
 v - a +0 hunting sling
 I - a +0 rapier
Missiles
 d - 26 poisoned darts (quivered)
 e - 2 curare-tipped darts
 h - 119 stones
 u - 5 sling bullets
Armour
 a - a +0 buckler (worn)
 c - a +0 cloak (worn)
 n - +1 swamp dragon scales (worn)
Jewellery
 i - a ring of protection from fire (left hand)
 j - an uncursed ring of wizardry
 r - a ring of protection from magic (right hand)
 C - a +4 amulet of reflection (around neck)
Wands
 q - a wand of acid (29)
 E - a wand of random effects (24)
Scrolls
 l - 3 scrolls of enchant armour
 p - a scroll of fear
 t - 4 scrolls of teleportation
 x - a scroll of magic mapping {unknown}
 y - a scroll of random uselessness {unknown}
 z - a scroll of fog {unknown}
 B - a scroll of remove curse {unknown}
 F - a scroll of immolation {unknown}
 H - a scroll of enchant weapon {unknown}
Potions
 g - a potion of haste
 k - a potion of mutation
 o - 2 potions of curing
 s - 3 potions of brilliance {unknown}
 w - 2 potions of agility {unknown}
 D - a potion of magic {unknown}
 G - a potion of experience {unknown}
 J - a potion of heal wounds {unknown}
Comestibles
 f - 15 rations


   Skills:
 + Level 4.6 Fighting
 + Level 6.5 Short Blades
 + Level 7.2(7.6) Slings
 + Level 2.8(4.8) Throwing
 + Level 3.9 Armour
 + Level 5.8 Dodging
 + Level 10.8 Stealth
 + Level 1.7 Shields


You had 6 spell levels left.
You knew the following spells:

 Your Spells              Type           Power        Failure   Level  Hunger
a - Passwall              Tmut/Erth      #.......     88%         2    ###....

Your spell library contained the following spells:

 Spells                   Type           Power        Failure   Level  Hunger
 Sandblast                Erth           #.....       77%         1    ##.....
 Stone Arrow              Conj/Erth      #.....       98%         3    ####...
 Petrify                  Tmut/Erth      #.......     100%        4    #####..
 Lee's Rapid Deconstruct  Erth           #.........   100%        5    ######.


Dungeon Overview and Level Annotations

Branches:
Dungeon (8/15)             Temple (1/1) D:5
   Lair: D:8-11

Altars:
Ashenzari
Cheibriados
Dithmenos
Elyvilon
Fedhas
Gozag
Hepliaklqana
Kikubaaqudgha
Makhleb
Nemelex Xobeh
Okawaru
Qazlal
Ru
Sif Muna
Trog
Uskayaw
Vehumet
Wu Jian
Xom
Yredelemnul
Zin
The Shining One

Shops:
D:6 =


Innate Abilities, Weirdness & Mutations

You are very small and have problems with some larger weapons.
You are too small for most types of armour.
You have supernaturally acute eyesight. (SInv)
You are a herbivore.
You cover ground extremely quickly.
You need to consume almost no food.


Message History

The polar bear is almost dead.
The polar bear misses you. The polar bear claws you. x2
You hit the polar bear.
The polar bear looks as sick as possible!
The polar bear is almost dead.
You hit the polar bear but do no damage.
The polar bear is almost dead.
The polar bear bites you! You block the polar bear's attack.
The polar bear closely misses you. x2; You block the polar bear's attack.
The polar bear claws you but does no damage.
You hit the polar bear but do no damage.
The polar bear looks as sick as possible!
The polar bear is almost dead.
The polar bear bites you but does no damage.
The polar bear completely misses you. You block the polar bear's attack.
You completely miss the polar bear.
The polar bear is almost dead.
The polar bear bites you!!
Ouch! That really hurt!
You die...

#...##..#.#..........
.#....##...##.........
......##..............
#......##..###........
##.#....#...###.......
##.....####........
#..........#.......
#...##.....#......#
##@##...........###
###h...###......#
##..Y.##..........
#...##....##.......
##.........##>....##
##...............
#...##..........
######....#.....
#....# ....


You could see a polar bear (berserk) and a sky beast.

Vanquished Creatures
  A polar bear (D:8)
  Duvessa (D:4)
  4 phantoms
  2 sky beasts (D:7)
  2 ogres
  2 centaurs
  Blork the orc (D:5)
  A bullfrog (D:6)
  Dowan (D:4)
  3 scorpions
  14 wights
  3 howler monkeys
  2 centaur zombies (D:6)
  2 crimson imps (D:6)
  3 bullfrog zombies
  3 hounds
  A jelly (D:5)
  A centaur skeleton (D:4)
  Crazy Yiuf (D:4)
  5 orc priests
  A bullfrog skeleton (D:6)
  2 orc wizards
  2 iguanas
  7 worker ants
  A killer bee zombie (D:5)
  A howler monkey zombie (D:5)
  A worker ant zombie (D:6)
  10 adders
  3 gnolls (D:5)
  A howler monkey skeleton (D:6)
  A shadow imp (D:3)
  A white imp (D:8)
  An ooze (D:2)
  An adder skeleton (D:4)
  5 worms
  5 dart slugs
  5 leopard geckos
  12 orcs
  3 giant cockroaches
  8 goblins
  11 hobgoblins
  5 jackals
  4 kobolds
  5 quokkas
  5 bats
  4 frilled lizards
  2 jackal zombies
  A quokka skeleton (D:4)
  9 rats
  A bush (D:3)
  A fungus (D:4)
172 creatures vanquished.

Notes
Turn   | Place    | Note
-------+----------+-------------------------------------------
     0 | D:1      | forest the Spriggan Assassin began the quest for the Orb.
     0 | D:1      | Reached XP level 1. HP: 10/10 MP: 2/2
    53 | D:1      | Reached skill level 6 in Stealth
   319 | D:1      | Reached XP level 2. HP: 14/14 MP: 3/3
   688 | D:2      | Reached XP level 3. HP: 11/18 MP: 4/4
   836 | D:2      | Reached skill level 7 in Stealth
   982 | D:2      | Found a burning altar of Makhleb.
   996 | D:2      | Reached XP level 4. HP: 17/23 MP: 5/5
  1143 | D:2      | Found a faded altar of an unknown god.
  1389 | D:2      | Found a blossoming altar of Fedhas.
  1516 | D:2      | Found a sacrificial altar of Ru.
  1839 | D:3      | Found an opulent altar of Gozag.
  1939 | D:3      | Reached XP level 5. HP: 7/26 MP: 6/6
  2548 | D:3      | Reached skill level 8 in Stealth
  2666 | D:3      | Reached skill level 1 in Armour
  3884 | D:4      | Reached XP level 6. HP: 30/30 MP: 7/7
  3945 | D:4      | Reached skill level 9 in Stealth
  4056 | D:4      | Reached XP level 7. HP: 17/35 MP: 8/8
  4542 | D:4      | Noticed Duvessa
  4563 | D:4      | Noticed Dowan
  4567 | D:4      | Killed Duvessa
  4987 | D:4      | Found a basalt altar of Yredelemnul.
  4993 | D:4      | Found an ancient bone altar of Kikubaaqudgha.
  4995 | D:4      | Found a radiant altar of Vehumet.
  4996 | D:4      | Found a glowing silver altar of Zin.
  4998 | D:4      | Found a sparkling altar of Nemelex Xobeh.
  5177 | D:4      | Found a runed translucent door.
  5178 | D:4      | Noticed Crazy Yiuf
  5185 | D:4      | Killed Crazy Yiuf
  5265 | D:4      | Killed Dowan
  5265 | D:4      | Reached skill level 10 in Stealth
  5490 | D:5      | Entered Level 5 of the Dungeon
  5509 | D:5      | Found a staircase to the Ecumenical Temple.
  5553 | Temple   | Entered the Ecumenical Temple
  5638 | D:5      | Reached XP level 8. HP: 39/39 MP: 9/9
  5820 | D:5      | Noticed Blork the orc
  5825 | D:5      | Killed Blork the orc
  5825 | D:5      | Reached skill level 5 in Dodging
  5845 | D:5      | Reached skill level 5 in Short Blades
  6143 | D:5      | Reached skill level 1 in Slings
  6633 | D:5      | Found a shadowy altar of Dithmenos.
  6638 | D:5      | Became a worshipper of Dithmenos the Shadowed
  7173 | D:6      | Found Imug's Jewellery Boutique.
  7209 | D:6      | Found a deep blue altar of Sif Muna.
  7211 | D:6      | Found a shimmering altar of Xom.
  7886 | D:6      | Reached XP level 9. HP: 45/45 MP: 10/10
  8031 | D:5      | Reached skill level 5 in Slings
  8528 | D:6      | Found a hazy altar of Hepliaklqana.
  8536 | D:6      | Learned a level 2 spell: Passwall
  8942 | D:7      | Found a stormy altar of Qazlal.
 10150 | D:8      | Reached * piety under Dithmenos
 10553 | D:7      | Reached skill level 1 in Shields
 11084 | D:8      | Noticed a polar bear
 11831 | D:8      | Noticed a polar bear
 11870 | D:8      | Killed a polar bear
 12338 | D:8      | Mangled by a polar bear

Levels and vault maps discovered:
D:1:      eino_arrival_water_star, layout_rooms
D:2:      layout_loops_ring, fedhas_altar_fruit_tree, makhleb_heckhound_becter,
          chequers_ecumenical_altar_island, hangedman_ru_absence
D:3:      layout_basic, lemuel_doored_altar, serial_forest,
          infiniplex_forest_lined_3, infiniplex_forest_diagonal,
          infiniplex_forest_lined_room_2, infiniplex_forest_lined_2,
          infiniplex_forest_clump_medium, infiniplex_forest_lined_corner,
          infiniplex_forest_zigzag_1, infiniplex_forest_end_1
D:4:      cheibrodos_barr_body, layout_rooms, minitemple,
          minmay_misc_feat_doors, uniq_duvessa, uniq_crazy_yiuf_cottage
D:5:      layout_gridville, kennysheep_little_box, temple_fountains,
          first_ration, uniq_blork_the_orc
D:6:      layout_loops_cross, nicolae_overflow_hidden_temple, serial_shops,
          shop, minmay_holes
D:7:      layout_rooms, nicolae_qazlal_eye_of_the_storm, serial_glass,
          glass_columns_a, glass_columns_b
D:8:      layout_cave_pools, serial_ice, serial_ice_a, serial_ice_g,
          serial_ice_b, serial_ice_j
Temple:   dpeg_three_leaves_temple

Skill      XL: |  1  2  3  4  5  6  7  8  9 |
---------------+----------------------------+-----
Stealth        | 6 7 8 9 10 | 10.8
Dodging        | 2 3 4 5 |  5.8
Short Blades   | 3 4 5 6 |  6.5
Fighting       | 2 3 4 |  4.6
Armour         | 1 2 3 |  3.9
Slings         | 4 7 |  7.2
Shields        | 1 |  1.7
Throwing       | |  2.8

Action                   |  1- 3 |  4- 6 |  7- 9 || total
-------------------------+-------+-------+-------++-------
Melee: Dagger            |    92 |   225 |   479 ||   796
       Rapier            |       |       |    99 ||    99
 Fire: Hunting sling     |       |       |   416 ||   416
Throw: Dart              |     3 |     5 |     7 ||    15
  Use: Scroll            |       |       |    10 ||    10
 Stab: Sleeping          |     6 |    20 |    19 ||    45
       Distracted        |       |       |     1 ||     1
  Eat: Ration            |       |     1 |     4 ||     5
Armor: Robe              |     8 |       |       ||     8
       Swamp dragon scal |    11 |    35 |    96 ||   142
Dodge: Dodged            |    71 |   106 |   359 ||   536
Block: Other             |       |       |    50 ||    50
       Reflection        |       |       |     3 ||     3
       Buckler           |       |       |    99 ||    99

Table legend:
 A = Non-vault XP
 B = Vault XP
 C = Vault XP percentage of total XP
 D = Non-vault monster count
 E = Vault monster count
 F = Vault count percentage of total count
                 A         B        C        D         E       F
            +---------+---------+-------+---------+---------+-------
      Total |    3722 |    1085 |  22.6 |     152 |      18 |  10.6
            +---------+---------+-------+---------+---------+-------
        D:1 |      27 |       0 |   0.0 |      15 |       0 |   0.0
        D:2 |      86 |      45 |  34.4 |      26 |       1 |   3.7
        D:3 |     193 |       0 |   0.0 |      31 |       0 |   0.0
        D:4 |     293 |     660 |  69.3 |       7 |      14 |  66.7
        D:5 |    1024 |      90 |   8.1 |      27 |       1 |   3.6
        D:6 |     914 |       0 |   0.0 |      18 |       0 |   0.0
        D:7 |     680 |       0 |   0.0 |      15 |       0 |   0.0
        D:8 |     505 |     290 |  36.5 |      13 |       2 |  13.3
            +---------+---------+-------+---------+---------+-------
